 Dungeon Crawl Stone Soup version 0.31-a0-662-g684573625c (webtiles) character file.

Game seed: 6256500048470577005

3281 kae the Arsonist (level 10, -1/50 HPs)
             Began as a Tengu Fire Elementalist on Sept 1, 2023.
             Was a Believer of Vehumet.
             Slain by an orc warlord
             ... wielding a +4 broad axe
              (23 damage)
             ... in a bailey.
             The game lasted 00:13:17 (10010 turns).

kae the Arsonist (Tengu Fire Elementalist)         Turns: 10010, Time: 00:13:18

Health: -1/50      AC:  3    Str:  5 (8)  XL:     10   Next: 0%
Magic:  11/20      EV: 16    Int: 17 (19) God:    Vehumet [**....]
Gold:   377        SH:  0    Dex: 14 (16) Spells: 4/21 levels left

rFire   . . .        (no weapon)
rCold   + . .        (no shield)
rNeg    . . .        a - +1 robe
rPois   .            (helmet restricted)
rElec   .            (no cloak)
rCorr   .            (no gloves)
SInv    +            (boots unavailable)
Will    .....        (no amulet)
Stlth   ++           v - ring of see invisible
HPRegen 0.28/turn    (no ring)
MPRegen 0.17/turn

%: acrobat
@: attractive, flying, hasted, very quick
A: beak, talons 3, evasive flight, acrobatic, cold resistance 1
a: Renounce Religion


You were in a bailey.
You worshipped Vehumet.
Vehumet was pleased with you.
You visited 2 branches of the dungeon, and saw 11 of its levels.
You also visited: Sewer and Bailey.

You collected 377 gold pieces.


Innate Abilities, Weirdness & Mutations

You have a beak for a mouth.
You have claws for feet.
Your magical flight helps you evade attacks. (EV +4)
You can magically evade attacks while moving or waiting.
Your flesh is cold resistant. (rC+)


   Skills:
 - Level 2.1 Dodging
 - Level 2.0 Stealth
 + Level 6.4 Spellcasting
 + Level 8.8 Conjurations
 - Level 2.0 Hexes
 * Level 10.9 Fire Magic


You had 4 spell levels left.
You knew the following spells:

 Your Spells              Type           Power      Damage    Failure   Level
a - Foxfire               Conj/Fire      100%       2x1d9     1%          1
b - Scorch                Fire           84%        2d8       1%          2
c - Inner Flame           Hex/Fire       27%        N/A       2%          3
d - Flame Wave            Conj/Fire      39%        2d11      1%          4
e - Volatile Blastmotes   Fire/Tloc      48%        2d14      3%          3
f - Sticky Flame          Conj/Fire      39%        2d6       1%          4

Your spell library contained the following spells:

 Spells                   Type           Power      Damage    Failure   Level
 Static Discharge         Conj/Air       40%        2-4/arc   3%          2
 Dazzling Flash           Conj/Hex       46%        N/A       4%          3
 Stone Arrow              Conj/Erth      40%        3d9       6%          3
 Ignite Poison            Fire/Tmut/Pois 17%        N/A       9%          3
 Sandblast                Erth           10%        2d5       12%         1
 Tukima's Dance           Hex            12%        N/A       16%         3
 Passwall                 Tmut/Erth      4%         N/A       19%         2
 Passage of Golubria      Tloc           5%         N/A       77%         4
 Silence                  Hex/Air        4%         N/A       92%         5
 Yara's Violent Unravell  Hex/Tmut       4%         3d4       92%         5
 Agony                    Necr           5%         N/A       98%         5
 Ignition                 Fire           21%        3d8       100%        8

Inventory:

Missiles
 e - 71 stones
 h - 32 boomerangs
 l - a throwing net {=f!f}
 q - 17 poisoned darts
 r - a curare-tipped dart {=f}
Armour
 a - a +1 robe (worn)
Jewellery
 v - a ring of see invisible (left hand)
   (You found it on level 2 of the Dungeon)
Wands
 k - a wand of mindburst (11)
   (You found it on level 4 of the Dungeon)
 n - a wand of flame (25)
   (You took it off Natasha on level 2 of the Dungeon)
 t - a wand of roots (13)
   (You found it on level 6 of the Dungeon)
 y - a wand of paralysis (11)
   (You found it on level 7 of the Dungeon)
 A - a wand of polymorph (2)
   (You found it on level 8 of the Dungeon)
Scrolls
 c - a scroll of amnesia
 i - 2 scrolls of poison {!r}
 p - 2 scrolls of teleportation {@r4}
 x - a scroll of butterflies
 z - a scroll of fear
Potions
 b - 4 potions of magic
 d - 4 potions of heal wounds {@q2}
 f - 3 potions of curing {@q1}
 g - 5 potions of mutation {!q}
 j - a potion of enlightenment
 m - a potion of attraction {!q}
 o - 3 potions of cancellation
 s - 3 potions of resistance
 w - 2 potions of haste {@q3}

Dungeon Overview and Level Annotations

Branches:
Dungeon (10/15) Zot: 26760  Temple (1/1) D:6 Zot: 5975   Sewer (visited)
 Bailey (1/1) Zot: 5328
   Lair: D:8-11         Orc: D:9-12

Altars:
Ashenzari
Cheibriados
Dithmenos
Fedhas
Gozag
Hepliaklqana
Kikubaaqudgha
Makhleb
Nemelex Xobeh
Okawaru
Qazlal
Ru
Sif Muna
Trog
Uskayaw
Vehumet
Wu Jian
Xom
Yredelemnul
Zin
The Shining One

Shops:
D:10 (

Annotations:
D:2 1 runed translucent door, Crazy Yiuf, Sigmund
D:4 Ijyb
D:5 3 runed translucent doors, Tombo's ghost, novice HOFi
D:8 Grum

....'.....#.........~§'...####
)...#)...##8.8...8.8~##...####
...##....#~?........~#§...####
))##.....#~[.....~#~~#.....##
≈##......##~~~#~~~####......##
≈#........#########......8...#
≈#..8..8....'.....'..........#
≈#..........#~~~~o#..........#
≈##.........#~~~@)#...8..8..##
≈≈##...8...##~~~)~##.......##
≈≈≈##.....##.......##.....##
♣≈≈≈##...##.........##...##
♣♣≈≈≈#####♣♣.........#####
♣♣♣♣♣ ♣♣...∩.....♣#
♣...........# #############


You could see an orc warlord (combustible).


Message History

There is an open door here.
You now have 360 gold pieces (gained 15).
g - 6 sedimented purple potions (gained 1)
b - 4 potions of magic (gained 1)
o - 3 potions of cancellation (gained 1)
Found a runed translucent gate.
Unknown command. 😎 HP[+18] MP[+11]
Your hp is fully restored (50).
Your mp is fully restored (20).
w - 3 smoky blue potions (gained 1)
B - a scroll labelled ZOCHUU IRCHAFA
C - a scroll labelled TUSCHI QOCOHEYZE
p - 2 scrolls of teleportation {@r4} (gained 1)
d - 4 potions of heal wounds {@q2} (gained 2)
You now have 377 gold pieces (gained 17).
Found a gate leading back out of this place.
There is an open door here.
There is an open door here.
Things that are here:
a +0 hand axe; a +0 leather armour
There is an open gate here.
Items here: )) [[.
There is an open gate here.
Items here: )) [[.
There is an open door here.
Key pressed, stopping explore.
Things that are here:
a +0 hand axe; a +0 leather armour; an orc corpse
There is an open door here.
Could not explore, unopened runed door.
Could not explore, unopened runed door.
Could not explore, unopened runed door.
As you read the scroll labelled TUSCHI QOCOHEYZE, it crumbles to dust.
You feel momentarily disoriented.
It was a scroll of revelation.
Unknown command.
As you read the scroll labelled ZOCHUU IRCHAFA, it dissolves into smoke.
It was a scroll of fog.
Unknown command.
Okay, then.
Unknown command.
Unknown command.
Okay, then.
Okay, then.
Okay, then.
Okay, then.
Okay, then.
It was a potion of mutation.
You feel extremely strange.
You feel resistant to cold.
Okay, then.
It was a potion of degeneration.
There was something very wrong with that liquid.
You feel weakened.
You feel dopey.
You feel clumsy.
It was a potion of haste.
You feel yourself speed up.
It was a potion of attraction.
You feel attractive to monsters. As you open the gate, it creaks loudly!
The orc warlord is attracted toward you.
The orc warlord is attracted toward you.
The orc warlord is attracted toward you.
There is an open door here.
The orc warlord grunts loudly, as Orcs often do.
Items here: )) [[ ÷÷.
Casting: Foxfire (safe; 1% risk of failure)
Confirm with . or Enter, or press ? or * to list all spells.
Flames lash the orc warlord.
The orc warlord's fire resistance burns away. 😎 MP[-2]
You lost 2 mp, and now have 18/20 mp.
Unknown command.
Casting: Scorch (safe; 1% risk of failure)
Confirm with . or Enter, or press ? or * to list all spells.
Flames lash the orc warlord.
The orc warlord is burned terribly!
The orc warlord hits you with a +4 broad axe!!
Ouch! That really hurt!
* * * LOW HITPOINT WARNING * * *
The orc warlord is engulfed in a cloud of scalding steam.
The orc warlord misses you. 😨 HP[-29] MP[-2]
You take 29 damage, and now have 21/50 hp.
MASSIVE DAMAGE!! (PAUSE)
You lost 2 mp, and now have 16/20 mp.
Casting: Scorch (safe; 1% risk of failure)
Confirm with . or Enter, or press ? or * to list all spells.
Flames lash the orc warlord.
The orc warlord is burned terribly!
The orc warlord completely misses you. 😨 MP[-2]
You lost 2 mp, and now have 14/20 mp.
Unknown command.
Casting: Scorch (safe; 1% risk of failure)
Confirm with . or Enter, or press ? or * to list all spells.
Flames lash the orc warlord.
The orc warlord is burned terribly!
The orc warlord splashes around in the water. 😨 MP[-1]
You lost 1 mp, and now have 13/20 mp.
Unknown command.
Casting: Scorch (safe; 1% risk of failure)
Confirm with . or Enter, or press ? or * to list all spells.
Flames lash the orc warlord.
The orc warlord is burned terribly!
The orc warlord hits you with a +4 broad axe!!
You die...

Skill      XL: |  1  2  3  4  5  6  7  8  9 |
---------------+----------------------------+-----
Conjurations   | 2 3 4 6 7 8 |  8.8
Fire Magic     | 4 5 6 7 9 10 | 10.9
Spellcasting   | 3 4 5 6 |  6.4
Hexes          | 1 2 |  2.0
Dodging        | |  2.1
Stealth        | |  2.0

Action                     |  1- 3 |  4- 6 |  7- 9 | 10-12 || total
---------------------------+-------+-------+-------+-------++-------
  Melee: Unarmed           |    10 |    43 |    10 |       ||    63
         Peck              |     2 |    20 |     1 |       ||    23
         Kick              |     2 |    23 |     3 |       ||    28
   Cast: Foxfire           |    54 |    80 |   169 |     1 ||   304
         Scorch            |       |    28 |    46 |     5 ||    79
         Inner Flame       |       |       |     3 |       ||     3
         Flame Wave        |       |       |    14 |       ||    14
         Volatile Blastmot |       |       |     1 |       ||     1
         Sticky Flame      |       |       |     1 |       ||     1
  Evoke: Wand              |       |     1 |     1 |       ||     2
    Use: Scroll            |       |    12 |     2 |     2 ||    16
         Potion            |       |       |     4 |     4 ||     8
   Stab: Sleeping          |       |     1 |       |       ||     1
 Armour: Robe              |    28 |    28 |    86 |     3 ||   145
  Dodge: Dodged            |    66 |    41 |   254 |     2 ||   363

Levels and vault maps discovered:
D:1:      saegor_arrival_miasma, layout_basic
D:2:      layout_loops_ring, serial_glass, glass_columns_b, glass_columns_b,
          glass_columns_c, glass_columns_a, glass_columns_b,
          hellmonk_ecumenical_altar_watching_god, uniq_sigmund,
          uniq_crazy_yiuf_cottage, uniq_natasha
D:3:      corexii_shack_village, layout_basic, fountainhead,
          grunt_decor_one_mirror
D:4:      layout_basic, hangedman_decor_opposing, minmay_hedge_maze,
          grunt_tough_drop, uniq_ijyb
D:5:      layout_cave_pools, pdpol_wu_jian_five_deadly_venoms, minitemple,
          ebering_ghost_gozag, serial_park, serial_park_tiny_2,
          serial_park_tiny_pond, serial_park_square3
          [serial_park_minivault_5x5_6], serial_park_tiny_2, uniq_menkaure
D:6:      layout_rooms, minmay_temple_entry_large_hall,
          cheibrodos_sewer_entry_bend
D:7:      layout_gridville
D:8:      layout_loops_corners, mainiacjoe_overflow_alcove_2, enter_bailey_3,
          uniq_grum
D:9:      layout_stronghold, lair_entry_dummy, serial_shops, shop, uniq_erica
D:10:     layout_rooms, david_orc_5, gammafunk_ghost_wrathful_warriors,
          minmay_shop_grid_forest
Temple:   mainiacjoe_temple_coin_purse
Bailey:   bailey_axe_bossmonster_kennysheep, bailey

Notes
Turn   | Place    | Note
-------+----------+-------------------------------------------
     0 | D:1      | kae the Tengu Fire Elementalist began the quest for the
                  | Orb.
     0 | D:1      | Reached XP level 1. HP: 10/10 MP: 4/4
     0 | D:1      | magus.rc [v1.11.3]
   362 | D:1      | Reached XP level 2. HP: 15/15 MP: 3/6
   814 | D:1      | HP: 3/15 [jackal (2)]
   818 | D:1      | HP: 1/15 [jackal (1)]
   822 | D:1      | Reached skill level 2 in Conjurations
   961 | D:2      | Reached skill level 4 in Fire Magic
   961 | D:2      | Reached XP level 3. HP: 19/19 MP: 0/7
  1469 | D:2      | Reached XP level 4. HP: 24/24 MP: 3/8
  1524 | D:2      | Found a faded altar of an unknown god.
  1524 | D:2      | Noticed a shining eye
  1527 | D:2      | Noticed an eye of devastation
  1532 | D:2      | Noticed a shining eye
  1606 | D:2      | Noticed Natasha
  1626 | D:2      | HP: 4/24 [Natasha (6)]
  1627 | D:2      | Killed Natasha
  1662 | D:2      | Noticed Natasha
  1749 | D:2      | Noticed a golden eye
  1765 | D:2      | Noticed Sigmund
  1780 | D:2      | Killed Natasha
  1781 | D:2      | Reached skill level 3 in Conjurations
  1818 | D:2      | Noticed Natasha
  1823 | D:2      | Killed Natasha
  1824 | D:2      | Reached skill level 5 in Fire Magic
  1824 | D:2      | Reached XP level 5. HP: 26/28 MP: 7/10
  1840 | D:2      | Learned a level 2 spell: Scorch
  1844 | D:2      | Learned a level 3 spell: Inner Flame
  1886 | D:2      | Identified the +2 pair of gloves of the Unseen Realm {Harm
                  | rC+++ rN+ Stlth-}
  2114 | D:2      | Found a runed translucent door.
  2115 | D:2      | Noticed Crazy Yiuf
  2401 | D:3      | You add the spells Tukima's Dance, Passage of Golubria and
                  | Yara's Violent Unravelling to your library.
  2480 | D:3      | Reached skill level 3 in Spellcasting
  3958 | D:4      | Noticed Ijyb
  3960 | D:4      | Noticed a black bear
  4467 | D:4      | Reached skill level 4 in Conjurations
  4467 | D:4      | Reached XP level 6. HP: 31/32 MP: 3/12
  5003 | D:4      | Learned a level 4 spell: Flame Wave
  5031 | D:5      | Entered Level 5 of the Dungeon
  5045 | D:5      | Found a runed translucent gate.
  5045 | D:5      | Found a runed translucent gate.
  5048 | D:5      | Found a runed translucent gate.
  5051 | D:5      | Found an opulent altar of Gozag.
  5051 | D:5      | Noticed a yak
  5053 | D:5      | Noticed Tombo's ghost (novice HOFi)
  5102 | D:5      | Reached skill level 6 in Fire Magic
  5127 | D:5      | Noticed a yak
  5142 | D:5      | HP: 7/32 [sleepcap (5)]
  5327 | D:5      | Gained mutation: Your magical flight helps you evade
                  | attacks. (EV +4) [Tengu growth]
  5327 | D:5      | Reached XP level 7. HP: 36/36 MP: 3/13
  5374 | D:4      | Reached skill level 5 in Conjurations
  5661 | D:5      | Reached skill level 4 in Spellcasting
  5819 | D:5      | Noticed Menkaure
  5821 | D:5      | HP: 8/36 [??? (5)]
  5828 | D:5      | Killed Menkaure
  5829 | D:5      | Reached skill level 7 in Fire Magic
  5907 | D:5      | Killed a yak
  5908 | D:5      | Reached skill level 6 in Conjurations
  5908 | D:5      | Reached XP level 8. HP: 37/41 MP: 1/15
  6103 | D:5      | Reached skill level 8 in Fire Magic
  6214 | D:5      | Found an ornate altar of the Wu Jian Council.
  6290 | D:5      | Found a basalt altar of Yredelemnul.
  6292 | D:5      | Found a shimmering altar of Xom.
  6503 | D:5      | Learned a level 3 spell: Volatile Blastmotes
  6545 | D:6      | You pick up a book of Geomancy and begin reading...
  6545 | D:6      | You add the spells Sandblast, Passwall and Stone Arrow to
                  | your library.
  6626 | D:6      | Reached skill level 5 in Spellcasting
  6678 | D:6      | HP: 7/41 [gnoll/+0 flail[a gnoll sergeant] (10)]
  6777 | D:6      | Found a staircase to the Ecumenical Temple.
  6785 | D:6      | Reached skill level 1 in Hexes
  6786 | D:6      | Reached skill level 7 in Conjurations
  6786 | D:6      | Reached skill level 9 in Fire Magic
  6790 | Temple   | Entered the Ecumenical Temple
  6802 | Temple   | Became a worshipper of Vehumet
  6820 | D:6      | You add the spells Ignite Poison, Sticky Flame and Ignition
                  | to your library.
  6868 | D:6      | Found a glowing drain.
  6882 | Sewer    | Entered a sewer
  6902 | Sewer    | Learned a level 4 spell: Sticky Flame
  7017 | Sewer    | Reached XP level 9. HP: 45/45 MP: 14/17
  7148 | Sewer    | Reached * piety under Vehumet
  7148 | Sewer    | Offered knowledge of Freeze by Vehumet.
  7317 | Sewer    | Found a burning altar of Makhleb.
  7328 | Sewer    | Noticed Grinder
  7340 | Sewer    | Killed Grinder
  8010 | D:6      | Identified the +12 morningstar of the Brewing Gods {heavy,
                  | Fly rPois rF+ Str+3}
  8185 | D:7      | Reached skill level 2 in Hexes
  8462 | D:7      | Reached skill level 10 in Fire Magic
  8464 | D:7      | HP: 5/45 [orc warrior/+0 war axe (10)]
  8466 | D:7      | Reached skill level 8 in Conjurations
  8884 | D:8      | You pick up a book of the Senses and begin reading...
  8884 | D:8      | You add the spells Dazzling Flash, Agony and Silence to
                  | your library.
  8985 | D:8      | Offered knowledge of Static Discharge by Vehumet.
  9036 | D:8      | You are sucked into a shaft and drop 2 floors!
  9036 | D:10     | Entered Level 10 of the Dungeon
  9036 | D:10     | Found Jiev's Antique Weapon Boutique.
  9159 | D:8      | Noticed Grum
  9180 | D:8      | Reached ** piety under Vehumet
  9237 | D:8      | Reached skill level 6 in Spellcasting
  9248 | D:8      | HP: 11/45 [cloud of steam (8)]
  9251 | D:8      | Found a flagged portal.
  9333 | Bailey   | Entered a bailey
  9380 | Bailey   | Noticed an orc warlord
  9771 | Bailey   | Reached XP level 10. HP: 33/50 MP: 7/20
  9866 | Bailey   | Found a runed translucent gate.
  9869 | Bailey   | Found a runed translucent gate.
  9870 | Bailey   | Found a runed translucent gate.
  9988 | Bailey   | Gained mutation: Your flesh is cold resistant. (rC+)
                  | [potion of mutation]
 10010 | Bailey   | Slain by an orc warlord

Vanquished Creatures
  Grinder (Sewer)
  A wyvern (D:7)
  A yak (D:5)
  Menkaure (D:5)
  2 water moccasins (D:6)
  7 orc warriors
  2 ogres
  2 phantoms
  A kobold brigand (Sewer)
  A bullfrog (D:7)
  2 gnoll sergeants
  3 scorpions
  4 jellies
  2 quasits (Sewer)
  4 hounds
  5 orc priests
  2 iguanas
  A sleepcap (D:4)
  Natasha (thrice) (D:2)
  3 orc wizards
  10 gnolls
  7 adders
  3 shadow imps (Sewer)
  2 white imps
  7 ufetubi (Sewer)
  An adder zombie (Sewer)
  A worm (D:6)
  2 dart slugs
  30 orcs
  4 ball pythons
  10 bats
  11 endoplasms
  2 giant cockroaches
  15 goblins
  7 hobgoblins
  3 jackals (D:1)
  A quokka (D:3)
  5 frilled lizards
  30 kobolds
  3 rats
202 creatures vanquished.

Vanquished Creatures (others)
  A kobold zombie (Sewer)
  528 foxfires
529 creatures vanquished.

Grand Total: 731 creatures vanquished

Table legend:
 A = Non-vault XP
 B = Vault XP
 C = Vault XP percentage of total XP
 D = Non-vault monster count
 E = Vault monster count
 F = Vault count percentage of total count
                 A         B        C        D         E       F
            +---------+---------+-------+---------+---------+-------
      Total |    2754 |    1934 |  41.3 |     128 |      74 |  36.6
            +---------+---------+-------+---------+---------+-------
        D:1 |      20 |       0 |   0.0 |      13 |       0 |   0.0
        D:2 |     148 |      35 |  19.1 |      25 |       1 |   3.8
        D:3 |      34 |      19 |  35.8 |      14 |       8 |  36.4
        D:4 |     311 |      37 |  10.6 |      15 |       1 |   6.2
        D:5 |     467 |     524 |  52.9 |       9 |       4 |  30.8
        D:6 |     766 |       5 |   0.6 |      18 |       1 |   5.3
        D:7 |     713 |       0 |   0.0 |      20 |       0 |   0.0
        D:8 |     295 |       7 |   2.3 |      14 |       4 |  22.2
      Sewer |       0 |     586 | 100.0 |       0 |      32 | 100.0
     Bailey |       0 |     721 | 100.0 |       0 |      23 | 100.0
            +---------+---------+-------+---------+---------+-------

Skill      XL: |  1  2  3  4  5  6  7  8  9 |
---------------+----------------------------+-----
Conjurations   | 2 3 4 6 7 8 |  8.8
Fire Magic     | 4 5 6 7 9 10 | 10.9
Spellcasting   | 3 4 5 6 |  6.4
Hexes          | 1 2 |  2.0
Dodging        | |  2.1
Stealth        | |  2.0

Action                     |  1- 3 |  4- 6 |  7- 9 | 10-12 || total
---------------------------+-------+-------+-------+-------++-------
  Melee: Unarmed           |    10 |    43 |    10 |       ||    63
         Peck              |     2 |    20 |     1 |       ||    23
         Kick              |     2 |    23 |     3 |       ||    28
   Cast: Foxfire           |    54 |    80 |   169 |     1 ||   304
         Scorch            |       |    28 |    46 |     5 ||    79
         Inner Flame       |       |       |     3 |       ||     3
         Flame Wave        |       |       |    14 |       ||    14
         Volatile Blastmot |       |       |     1 |       ||     1
         Sticky Flame      |       |       |     1 |       ||     1
  Evoke: Wand              |       |     1 |     1 |       ||     2
    Use: Scroll            |       |    12 |     2 |     2 ||    16
         Potion            |       |       |     4 |     4 ||     8
   Stab: Sleeping          |       |     1 |       |       ||     1
 Armour: Robe              |    28 |    28 |    86 |     3 ||   145
  Dodge: Dodged            |    66 |    41 |   254 |     2 ||   363

Illustrated notes

Table legend:
 A = Kills in this place as a percentage of kills in the entire game.
 B = Kills by you in this place as a percentage of kills by you in the entire game.
 C = Kills by friends in this place as a percentage of kills by friends in the entire game.
 D = Other kills in this place as a percentage of other kills in the entire game.
 E = Experience gained in this place as a percentage of experience gained in the entire game.
 F = Experience gained in this place divided by the number of levels of this place that you have seen.
                   A       B       C       D       E      F
               +-------+-------+-------+-------+-------+----------------------
         Total | 100.0 | 100.0 |   N/A |   N/A | 100.0 | 360.6
       Dungeon |  72.8 |  72.8 |   N/A |   N/A |  72.1 | 338.1
         Sewer |  15.8 |  15.8 |   N/A |   N/A |  12.5 | 586.0
        Bailey |  11.4 |  11.4 |   N/A |   N/A |  15.4 | 721.0
               +-------+-------+-------+-------+-------+----------------------

Table legend: (Time is in decaauts)
 A = Elapsed time spent in this place.
 B = Non-inter-level travel time spent in this place.
 C = Inter-level travel time spent in this place.
 D = Time resting spent in this place.
 E = Time spent auto-exploring this place.
 F = Levels seen in this place.
 G = Mean time per level.
                   A        B        C        D        E       F      G
               +--------+--------+--------+--------+--------+-----+--------+
         Total |  10027 |   9693 |    334 |    388 |   7555 |  13 |  771.3 |
       Dungeon |   8594 |   8282 |    312 |    260 |   6632 |  10 |  859.4 |
        Temple |     24 |      2 |     22 |      0 |      0 |   1 |   24.0 |
         Sewer |    737 |    737 |      0 |     48 |    488 |   1 |  737.0 |
        Bailey |    670 |    670 |      0 |     80 |    435 |   1 |  670.0 |
               +--------+--------+--------+--------+--------+-----+--------+

Top non-repeatable levels by time:
     D:4: 1847 daAuts
     D:2: 1503 daAuts
     D:3: 1246 daAuts
     D:5: 1061 daAuts
     D:1: 880 daAuts
     D:6: 794 daAuts
     D:7: 785 daAuts
   Sewer: 737 daAuts
  Bailey: 670 daAuts
     D:8: 376 daAuts
    D:10: 56 daAuts
     D:9: 41 daAuts
  Temple: 24 daAuts
